 Dungeon Crawl Stone Soup version 0.24-a0-549-g45f0056d81 (webtiles) character file.

Game seed: 11396384443217748482

132 Gynju the Cutter (level 5, -10/33 HPs)
             Began as a Kobold Berserker on Aug 20, 2019.
             Was a Believer of Trog.
             Killed by divine providence
             ... invoked by an orc priest
              (12 damage)
             ... on level 3 of the Dungeon.
             The game lasted 00:03:03 (2221 turns).

Gynju the Cutter (Kobold Berserker)                 Turns: 2221, Time: 00:03:04

Health: -10/33     AC:  4    Str: 16    XL:     5   Next: 38%
Magic:  5/5        EV: 16    Int:  8    God:    Trog [**....]
Gold:   81         SH:  0    Dex: 14    Spells: 4/4 levels left

rFire    . . .     SeeInvis .   b - +0 short sword (venom)
rCold    . . .     Gourm    .   (shield restricted)
rNeg     . . .     Faith    .   m - +2 robe
rPois    .         Spirit   .   (no helmet)
rElec    .         Reflect  .   (no cloak)
rCorr    .         Harm     .   (no gloves)
MR       .....                  (no boots)
Stlth    ++........             (no amulet)
HPRegen  0.11/turn              (no ring)
MPRegen  0.09/turn              (no ring)

@: berserk cooldown, slowed, very slow
A: small, carnivore
a: Berserk, Trog's Hand, Renounce Religion


You were on level 3 of the Dungeon.
You worshipped Trog.
Trog was pleased with you.
You were very full.

You visited 1 branch of the dungeon, and saw 3 of its levels.

You collected 81 gold pieces.

Inventory:

Hand Weapons
 b - a +0 short sword of venom (weapon)
Armour
 m - a +2 robe (worn)
Scrolls
 d - 5 scrolls of identify {unknown}
 g - a scroll of fear {unknown}
 i - a scroll of enchant weapon {unknown}
 j - 2 scrolls of random uselessness {unknown}
 l - 3 scrolls of teleportation {unknown}
Potions
 a - 2 potions of agility {unknown}
 e - 3 potions of curing {unknown}
 f - 2 potions of lignification {unknown}
 h - a potion of flight {unknown}
 k - 2 potions of heal wounds {unknown}
Comestibles
 c - 5 rations
 n - 3 chunks of flesh


   Skills:
 * Level 4.1 Fighting
 * Level 5.0 Short Blades
 * Level 2.3 Armour
 * Level 3.6 Dodging
 + Level 2.0 Stealth


You had 4 spell levels left.
You didn't know any spells.
Your spell library was empty.

Dungeon Overview and Level Annotations

Branches:
Dungeon (3/15)

Altars:
Ashenzari
Hepliaklqana
Trog


Innate Abilities, Weirdness & Mutations

You are small and have problems with some larger weapons.
You are carnivorous and can eat meat at any time.


Message History

The orc wizard casts a spell.
The orc wizard blinks!
Things that are here:
a +0 hand axe; an orc corpse You kill the orc!
Trog accepts your kill.
Your Short Blades skill increases to level 5!
The orc priest calls down the wrath of Beogh upon you.
Beogh smites you!
* * * LOW HITPOINT WARNING * * *
There is an open door here.
The orc wizard gestures wildly while chanting.
The orc wizard seems to speed up.
The orc wizard gestures wildly while chanting.
The orc wizard blinks!
The leopard gecko barely misses you.
You open the door.
The orc priest mumbles some strange prayers to Beogh against you.
Beogh smites you!
You die...

#.....#)....# #..(...##
####..'...### #.......#
.#######...# #######.#
.......##### #.# ....... ######
#.## ....... ########....# #..#
....... #.....##....# ##.##
#.....)#####...{.##....# #..#
'.....)§)).'.o.l@'.....######.#
#.....######.÷...####'#.......#.#
#.... #......## #.#..÷÷.....#
#... #......# #.#...<..#..# ###
#......# #.#......#..#
#......#####.#......#..#
#.....................>.
##+#########.##########. ### .


You could see an orc priest and a leopard gecko.

Vanquished Creatures
  Jessica (D:2)
  Terence (D:2)
  2 adders (D:3)
  A dart slug (D:1)
  2 leopard geckos
  6 orcs (D:3)
  8 bats
  A giant cockroach (D:1)
  7 goblins
  9 hobgoblins
  10 kobolds
  A quokka (D:3)
  A ball python (D:1)
  3 frilled lizards
  2 rats (D:1)
55 creatures vanquished.

Notes
Turn   | Place    | Note
-------+----------+-------------------------------------------
     0 | D:1      | Gynju the Kobold Berserker began the quest for the Orb.
     0 | D:1      | Reached XP level 1. HP: 14/14 MP: 1/1
   110 | D:1      | Reached XP level 2. HP: 7/19 MP: 2/2
   618 | D:1      | Reached XP level 3. HP: 22/23 MP: 3/3
   943 | D:1      | Reached skill level 1 in Stealth
  1297 | D:2      | Reached ** piety under Trog
  1400 | D:2      | Noticed Jessica
  1412 | D:2      | Killed Jessica
  1412 | D:2      | Reached XP level 4. HP: 17/29 MP: 4/4
  1559 | D:2      | Found a bloodstained altar of Trog.
  1561 | D:2      | Noticed Terence
  1581 | D:2      | Killed Terence
  1599 | D:2      | Found a hazy altar of Hepliaklqana.
  1976 | D:3      | Found a shattered altar of Ashenzari.
  1994 | D:3      | Reached XP level 5. HP: 33/33 MP: 5/5
  2214 | D:3      | Reached skill level 5 in Short Blades
  2214 | D:3      | HP: 1/33 [orc priest/divine providence (16)]
  2221 | D:3      | Killed from afar by an orc priest

Levels and vault maps discovered:
D:1:      mainiacjoe_arrival_reflecting_pool, layout_loops_corners
D:2:      layout_basic, grunt_temple_overflow_open, first_ration, uniq_terence,
          uniq_jessica
D:3:      layout_basic, vehumet_crystals, ashenzari_conservatory_becter

Skill      XL: |  1  2  3  4  5 |
---------------+----------------+-----
Stealth        | 1 2 |  2.0
Dodging        | 3 |  3.6
Armour         | 2 |  2.3
Fighting       | 4 |  4.1
Short Blades   | 5 |  5.0

Action                   |  1- 3 |  4- 6 || total
-------------------------+-------+-------++-------
Melee: Short sword       |   101 |    53 ||   154
Invok: Berserk           |       |     2 ||     2
 Stab: Sleeping          |     3 |     3 ||     6
  Eat: Chunk             |    10 |     3 ||    13
Armor: Animal skin       |    11 |       ||    11
       Leather armour    |     4 |       ||     4
       Robe              |       |    10 ||    10
Dodge: Dodged            |    84 |    39 ||   123

Table legend:
 A = Non-vault XP
 B = Vault XP
 C = Vault XP percentage of total XP
 D = Non-vault monster count
 E = Vault monster count
 F = Vault count percentage of total count
                 A         B        C        D         E       F
            +---------+---------+-------+---------+---------+-------
      Total |     116 |      73 |  38.6 |      53 |       2 |   3.6
            +---------+---------+-------+---------+---------+-------
        D:1 |      39 |       0 |   0.0 |      22 |       0 |   0.0
        D:2 |      21 |      73 |  77.7 |      15 |       2 |  11.8
        D:3 |      56 |       0 |   0.0 |      16 |       0 |   0.0
            +---------+---------+-------+---------+---------+-------
